 Dungeon Crawl Stone Soup version 0.28-a0-1235-g7c8fac35f0 (webtiles) character file.

Game seed: 13836664964836208297

4932 r3xj the Protected (level 10, 0/94 HPs)
             Began as a Minotaur Fighter on Dec 24, 2021.
             Was a Believer of Okawaru.
             Slain by a hornet (8 damage)
             ... while paralysed by a hornet
             ... on level 8 of the Dungeon.
             The game lasted 00:23:18 (10809 turns).

r3xj the Protected (Minotaur Fighter)              Turns: 10809, Time: 00:23:19

Health: 0/94       AC: 17    Str: 26    XL:     10   Next: 27%
Magic:  9/9        EV:  2    Int: 11    God:    Okawaru [**....]
Gold:   340        SH:  0    Dex:  9    Spells: 9/9 levels left

rFire   . . .      SeeInvis .   E - +2 morningstar
rCold   . . .      Faith    .   c - +0 buckler
rNeg    . . .      Spirit   .   x - +0 plate armour
rPois   .          Reflect  .   (helmet restricted)
rElec   .          Harm     .   (no cloak)
rCorr   .          Rampage  .   t - +0 pair of gloves
Will    .....                   u - +0 pair of boots
Stlth   ..........              (no amulet)
HPRegen 0.25/turn               G - +6 ring of intelligence
MPRegen 0.11/turn               (no ring)

@: paralysed, lethally poisoned (0 -> -13), slowed
A: horns 2, retaliatory headbutt
a: Renounce Religion, Heroism


You were on level 8 of the Dungeon.
You worshipped Okawaru.
Okawaru was pleased with you.
You visited 2 branches of the dungeon, and saw 10 of its levels.

You collected 521 gold pieces.
You spent 181 gold pieces at shops.

Inventory:

Hand Weapons
 a - a +0 war axe
 w - a +1 flail of protection
 C - a +3 whip of electrocution
 E - a +2 morningstar (weapon)
Missiles
 v - 2 throwing nets (quivered)
 y - 29 poisoned darts
Armour
 b - a +0 scale mail
 c - a +0 buckler (worn)
 t - a +0 pair of gloves (worn)
 u - a +0 pair of boots (worn)
 x - a +0 plate armour (worn)
Jewellery
 G - a +6 ring of intelligence (left hand)
 H - the ring "Zoacw" {Will+ Str+6 Int+2 Dex+2}
   (You found it on level 8 of the Dungeon)

   [ring of strength]

   Str:       It affects your strength (+6).
   Int:       It affects your intelligence (+2).
   Dex:       It affects your dexterity (+2).
   Will:      It increases your willpower.
 I - an amulet of the acrobat
 L - a ring of magical power
Wands
 e - a wand of digging (3)
 A - a wand of iceblast (3)
 D - a wand of paralysis (15)
Scrolls
 d - 5 scrolls of noise {unknown}
 f - a scroll of amnesia {unknown}
 i - 5 scrolls of blinking {unknown}
 m - 2 scrolls of enchant armour {unknown}
 o - a scroll of summoning {unknown}
 q - a scroll of magic mapping
 r - 5 scrolls of teleportation
 z - a scroll of holy word {unknown}
 B - a scroll of fog {unknown}
 J - a scroll of identify
 K - 2 scrolls of enchant weapon {unknown}
Potions
 g - a potion of flight
 h - 3 potions of heal wounds
 j - a potion of brilliance
 k - a potion of magic
 l - a potion of cancellation
 n - 2 potions of might
 p - a potion of curing {unknown}
 s - a potion of resistance {unknown}
 F - 2 potions of mutation {unknown}
 M - a potion of experience {unknown}


   Skills:
 + Level 10.6 Fighting
 - Level 8.9(10.0) Axes
 * Level 7.3(9.3) Maces & Flails
 + Level 10.7 Armour
 - Level 4.0 Shields


You had 9 spell levels left.
You didn't know any spells.
Your spell library contained the following spells:

 Spells                   Type           Power      Damage    Failure   Level
 Apportation              Tloc           0%         N/A       97%         1
 Slow                     Hex            0%         N/A       97%         1
 Ensorcelled Hibernation  Hex/Ice        0%         N/A       99%         2
 Confusing Touch          Hex            0%         N/A       100%        3
 Ignite Poison            Fire/Tmut/Pois 0%         N/A       100%        3
 Inner Flame              Hex/Fire       0%         N/A       100%        3
 Mephitic Cloud           Conj/Pois/Air  0%         N/A       100%        3
 Portal Projectile        Hex/Tloc       0%         N/A       100%        3
 Spider Form              Tmut/Pois      0%         N/A       100%        3
 Vampiric Draining        Necr           0%         2d6       100%        3
 Cause Fear               Hex            0%         N/A       100%        4
 Leda's Liquefaction      Hex/Erth       0%         N/A       100%        4
 Freezing Cloud           Conj/Ice/Air   0%         6-21      100%        5
 Discord                  Hex            0%         N/A       100%        8
 Animate Skeleton         Necr           Unusable   N/A       N/A         1
 Summon Small Mammal      Summ           Unusable   N/A       N/A         1
 Call Canine Familiar     Summ           Unusable   N/A       N/A         3

Dungeon Overview and Level Annotations

Branches:
Dungeon (9/15)             Temple (1/1) D:7
   Lair: D:8-11         Orc: D:9-12

Altars:
Ashenzari
Cheibriados
Dithmenos
Elyvilon
Fedhas
Gozag
Kikubaaqudgha
Makhleb
Nemelex Xobeh
Okawaru
Qazlal
Ru
Sif Muna
Trog
Uskayaw
Vehumet
Wu Jian
Xom
Yredelemnul
Zin
The Shining One

Shops:
D:3 ?


Innate Abilities, Weirdness & Mutations

You have a pair of horns on your head.
You reflexively headbutt those who attack you in melee.


Message History

The centaur is almost dead.
The centaur completely misses you. You furiously retaliate!
You headbutt the centaur, but do no damage.
The centaur barely misses you. The hornet barely misses you.
You furiously retaliate!
You headbutt the hornet. You block the centaur's attack.
The centaur barely misses you.
The hornet stings you but does no damage.
You bludgeon the centaur!!
You kill the centaur!
Okawaru accepts your kill.
You feel yourself speed up. The hornet barely misses you.
The hornet stings you but does no damage.
You hit the hornet. Your headbutt misses the hornet.
The hornet is moderately wounded.
The hornet stings you.
You are poisoned.
You feel yourself slow down. You block the hornet's attack.
You barely miss the hornet.
The hornet is moderately wounded.
You feel very sick. The hornet barely misses you. x2
You impale the hornet!!
The hornet is almost dead.
You feel yourself speed up.
You feel sick. The hornet stings you.
* * * LOW HITPOINT WARNING * * *
You are more poisoned.
You feel yourself slow down.
The hornet stings you but does no damage.
You closely miss the hornet. Your headbutt misses the hornet.
The hornet is almost dead.
You feel yourself speed up.
You feel very sick. The hornet stings you!
* * * LOW HITPOINT WARNING * * *
You suddenly lose the ability to move!
The hornet stings you.
* * * LOW HITPOINT WARNING * * *
You feel yourself slow down. The hornet stings you!
You die...

#...######..# #...### #.#.#...
#........#..######.....###.#.....
###.####.......#.'.....'.........
....#..#>......#.#.....###.#.....
#####..#.......#.#.........#.##..
....#..#...)...#.###.......#.##..
###.#..#....)..#.# #.......#.....
#.#..#.......#)# #.......######
#.#..#.#.....y@# ####......#
#.#..#.#.####### #......#
#.#..#.#'######## #......####
#.#.............# #..........
#.#.#...........######.........
#.#.............'..............
#.#####^........##..[####......
#.....'.........##...# #......
#######.........##...# #......


You could see a hornet.

Vanquished Creatures
  A tengu warrior (D:8)
  A two-headed ogre (D:8)
  Maggie (D:8)
  A troll (D:7)
  A wyvern (D:7)
  A steam dragon (D:8)
  An acid dragon (D:8)
  4 water moccasins
  An orc warrior (D:5)
  2 sky beasts
  A black bear (D:5)
  4 ogres
  An ice beast (D:8)
  2 centaurs (D:8)
  5 bullfrogs
  A water moccasin zombie (D:7)
  A water moccasin skeleton (D:5)
  7 wights (D:7)
  A howler monkey (D:8)
  A centaur zombie (D:5)
  2 jellies
  2 centaur skeletons (D:6)
  2 hounds
  3 orc priests
  2 bullfrog skeletons (D:6)
  3 iguanas
  A scorpion zombie (D:5)
  3 orc wizards
  A hound zombie (D:5)
  A hound skeleton (D:4)
  A howler monkey zombie (D:6)
  6 adders
  3 gnolls (D:5)
  A howler monkey skeleton (D:6)
  A white imp (D:7)
  A worm (D:5)
  4 dart slugs
  25 orcs
  7 ball pythons
  A bat (D:2)
  6 endoplasms
  4 giant cockroaches
  9 goblins
  9 hobgoblins
  6 jackals
  2 quokkas
  2 frilled lizards
  6 kobolds
  3 rats
155 creatures vanquished.

Vanquished Creatures (others)
  2 fungi (D:2)
  A plant (D:7)
  4 toadstools (D:2)
7 creatures vanquished.

Grand Total: 162 creatures vanquished

Notes
Turn   | Place    | Note
-------+----------+-------------------------------------------
     0 | D:1      | r3xj the Minotaur Fighter began the quest for the Orb.
     0 | D:1      | Reached XP level 1. HP: 19/19 MP: 0/0
   344 | D:1      | Reached XP level 2. HP: 27/27 MP: 1/1
  1019 | D:2      | Found a faded altar of an unknown god.
  1222 | D:2      | Reached XP level 3. HP: 28/33 MP: 2/2
  1761 | D:2      | Reached XP level 4. HP: 24/41 MP: 3/3
  2202 | D:3      | Noticed a bullfrog
  2213 | D:3      | Killed a bullfrog
  2214 | D:3      | Reached skill level 5 in Fighting
  2214 | D:3      | Reached skill level 5 in Armour
  2214 | D:3      | Reached XP level 5. HP: 12/48 MP: 4/4
  2533 | D:3      | Found Jutadun's Magic Scroll Emporium.
  2544 | D:3      | Bought a scroll of identify for 26 gold pieces
  2544 | D:3      | Bought a scroll of magic mapping for 45 gold pieces
  2544 | D:3      | Bought a scroll of identify for 26 gold pieces
  2544 | D:3      | Bought a scroll of teleportation for 39 gold pieces
  2994 | D:3      | Bought a scroll of immolation for 45 gold pieces
  3249 | D:4      | Noticed an ogre
  3458 | D:4      | Killed an ogre
  3459 | D:4      | Reached skill level 5 in Axes
  3459 | D:4      | Reached XP level 6. HP: 24/57 MP: 5/5
  3789 | D:4      | Upgraded the game from 0.28-a0-1234-g826d19b2e0 to
                  | 0.28-a0-1235-g7c8fac35f0
  4218 | D:5      | Entered Level 5 of the Dungeon
  4218 | D:5      | Noticed an orc warrior
  4655 | D:5      | Reached XP level 7. HP: 62/63 MP: 6/6
  4659 | D:5      | Found a basalt altar of Yredelemnul.
  5510 | D:5      | Found a basalt altar of Yredelemnul.
  6353 | D:6      | Reached XP level 8. HP: 37/73 MP: 7/7
  7543 | D:7      | Reached XP level 9. HP: 68/82 MP: 8/8
  7841 | D:7      | Paralysed by a wight for 4 turns
  8025 | D:7      | Found a staircase to the Ecumenical Temple.
  8039 | Temple   | Entered the Ecumenical Temple
  8365 | Temple   | Became a worshipper of Warmaster Okawaru
  8668 | D:8      | Reached skill level 1 in Maces & Flails
  8863 | D:8      | Identified the ring "Zoacw" {Will+ Str+6 Int+2 Dex+2}
  8875 | D:8      | Noticed a two-headed ogre
  8884 | D:8      | Killed a two-headed ogre
  8884 | D:8      | Reached * piety under Okawaru
  9216 | D:8      | Reached skill level 10 in Armour
  9312 | D:8      | Noticed a tengu warrior
  9313 | D:8      | Noticed a troll
  9493 | D:7      | Killed a troll
  9494 | D:7      | Reached skill level 10 in Fighting
  9494 | D:7      | Reached skill level 5 in Maces & Flails
  9554 | D:8      | Killed a tengu warrior
  9554 | D:8      | Reached ** piety under Okawaru
  9555 | D:8      | Reached XP level 10. HP: 47/94 MP: 6/9
 10329 | D:8      | Noticed Maggie
 10346 | D:8      | Killed Maggie
 10794 | D:9      | Paralysed by a hornet for 1 turns
 10809 | D:8      | Paralysed by a hornet for 2 turns
 10809 | D:8      | Slain by a hornet

Illustrated notes

Levels and vault maps discovered:
D:1:      dpeg_arrival_court, layout_loops_ring, kennysheep_boxes
D:2:      layout_loops_ring, nicolae_ecumenical_oubliette,
          minmay_gold_behind_fungi, minmay_quadrilaterals
D:3:      layout_loops_ring, serial_shops, shop_scrolls, columned_hall_lemuel,
          minmay_liquid_box, glass_columns_b, chequers_serial_rivers_small_3
D:4:      layout_loops_cross
D:5:      layout_basic, mainiacjoe_overflow_surrounded_room
D:6:      layout_loops_ring
D:7:      corexii_shack_village, layout_rooms, minmay_temple_entry_glass
D:8:      minmay_bloctagon_deflated, layout_basic, uniq_maggie
D:9:      layout_cave_pods, beargit_hepliaklqana_dungeon_heroes, erik_orc_4
Temple:   mainiacjoe_temple_cubbyholes

Skill      XL: |  1  2  3  4  5  6  7  8  9 10 |
---------------+-------------------------------+-----
Shields        | 4 |  4.0
Fighting       | 4 5 6 7 8 10 | 10.6
Armour         | 4 5 6 7 8 10 | 10.7
Axes           | 3 4 5 6 8 |  8.9
Maces & Flails | 6 7 |  7.3

Action                   |  1- 3 |  4- 6 |  7- 9 | 10-12 || total
-------------------------+-------+-------+-------+-------++-------
Melee: War axe           |   100 |   117 |   190 |       ||   407
       Headbutt          |    10 |    18 |    37 |     9 ||    74
       Morningstar       |       |       |    44 |    44 ||    88
Invok: Heroism           |       |       |     1 |       ||     1
  Use: Potion            |       |     1 |       |       ||     1
       Scroll            |       |     5 |     1 |       ||     6
Armor: Scale mail        |    50 |    57 |    19 |       ||   126
       Plate armour      |       |       |   145 |    30 ||   175
Dodge: Dodged            |    38 |    53 |    93 |    19 ||   203
Block: Buckler           |    22 |    33 |    46 |    16 ||   117

Table legend: (Time is in decaauts)
 A = Elapsed time spent in this place.
 B = Non-inter-level travel time spent in this place.
 C = Inter-level travel time spent in this place.
 D = Time resting spent in this place.
 E = Time spent auto-exploring this place.
 F = Levels seen in this place.
 G = Mean time per level.
                   A        B        C        D        E       F      G
               +--------+--------+--------+--------+--------+-----+--------+
         Total |  10922 |  10428 |    494 |    262 |   8722 |  10 | 1092.2 |
       Dungeon |  10553 |  10121 |    432 |    262 |   8418 |   9 | 1172.6 |
        Temple |    368 |    306 |     62 |      0 |    304 |   1 |  368.0 |
               +--------+--------+--------+--------+--------+-----+--------+

Top non-repeatable levels by time:
     D:5: 2033 daAuts
     D:8: 1979 daAuts
     D:3: 1265 daAuts
     D:2: 1169 daAuts
     D:6: 1129 daAuts
     D:4: 1076 daAuts
     D:7: 980 daAuts
     D:1: 808 daAuts
  Temple: 368 daAuts
     D:9: 110 daAuts
